 Dungeon Crawl Stone Soup version 0.30-a0-475-g03497ec522 (webtiles) character file.

Game seed: 3161213183186030308

2 NinjaNoafa the Ducker (level 1, -4/18 HPs)
             Began as a Merfolk Monk on Dec 20, 2022.
             Slain by a gnoll
             ... wielding a +0 spear
              (9 damage)
             ... on level 1 of the Dungeon.
             The game lasted 00:01:20 (142 turns).

NinjaNoafa the Ducker (Merfolk Monk)                 Turns: 142, Time: 00:01:20

Health: -4/18      AC:  3    Str: 11    XL:     1   Next: 30%
Magic:  1/1        EV: 13    Int:  9    God:
Gold:   0          SH:  0    Dex: 16    Spells: 0/0 levels left

rFire   . . .      SeeInvis .    a - +0 falchion
rCold   . . .      Faith    .    (no shield)
rNeg    . . .      Spirit   .    d - +0 leather armour
rPois   .          Reflect  .    (no helmet)
rElec   .          Harm     .    (no cloak)
rCorr   .          Rampage  .    (no gloves)
Will    .....                    (no boots)
Stlth   ++........               (no amulet)
HPRegen 0.23/turn                (no ring)
MPRegen 0.07/turn                (no ring)

@: no status effects
A: (nimble swimmer 2), mertail
a: no special abilities


You were on level 1 of the Dungeon.
You visited 1 branch of the dungeon, and saw 1 of its levels.

Inventory:

Hand Weapons
 a - a +0 falchion (weapon)
Armour
 d - a +0 leather armour (worn)
Scrolls
 b - a scroll of identify {unknown}
Potions
 c - a potion of ambrosia


   Skills:
 + Level 3.3 Fighting
 + Level 3.6 Long Blades
 + Level 4.0 Dodging
 + Level 2.2 Stealth


You couldn't memorise any spells.
You didn't know any spells.
Your spell library was empty.

Dungeon Overview and Level Annotations

Branches:
Dungeon (1/15)

Altars:


Innate Abilities, Weirdness & Mutations

((You are very nimble when in or above water. (Stealth+, EV+, Speed+++)))
Your lower body shifts to a powerful aquatic tail in water.


Message History

The ball python constricts you.
You barely miss the ball python. The ball python misses you.
The ball python constricts you.
You barely miss the ball python. The ball python barely misses you.
The ball python constricts you.
You hit the ball python.
You kill the ball python!
You closely miss the hobgoblin.
The hobgoblin hits you but does no damage.
You hit the hobgoblin but do no damage. The hobgoblin hits you.
You hit the hobgoblin but do no damage. The hobgoblin hits you.
You hit the hobgoblin.
You kill the hobgoblin!
HP restored.
A gnoll comes into view. It is wielding a +0 spear.
A gnoll is nearby!
An endoplasm comes into view.
An endoplasm and a quokka come into view.
Found a scroll labelled CET REYMUY.
The helpless gnoll fails to defend itself.
You hit the gnoll but do no damage. The gnoll closely misses you.
You hit the gnoll.
The gnoll is moderately wounded.
The gnoll hits you with a +0 spear. The quokka closely misses you.
You barely miss the gnoll.
The gnoll is moderately wounded.
The quokka barely misses you. The gnoll hits you with a +0 spear.
You hit the gnoll but do no damage.
The gnoll is moderately wounded.
The endoplasm quivers.
The quokka bites you. The gnoll barely misses you.
You barely miss the gnoll.
The gnoll is moderately wounded.
The quokka barely misses you. The gnoll barely misses you.
The quokka bites you.
* * * LOW HITPOINT WARNING * * *
The quokka attacks as you move away! The quokka misses you.
The gnoll hits you from afar with a +0 spear!
Ouch! That really hurt!
You die...

#.# #.....####
#.# ### #......
##.## ..
##.....#.
##...##
.#.........
#.....##...#
#.......# # #
#.#..##.#.##.#
#.##.##.#....#
.......@.....#
##.##.##...?#.#
#..gr...#
#.........$#
#.##..J.....#
##J......#
#.......#
....##..#
###... ..#


You could see a gnoll, 2 endoplasms and a quokka.

Vanquished Creatures
  A hobgoblin (D:1)
  A ball python (D:1)
2 creatures vanquished.

Notes
Turn   | Place    | Note
-------+----------+-------------------------------------------
     0 | D:1      | NinjaNoafa the Merfolk Monk began the quest for the Orb.
     0 | D:1      | Reached XP level 1. HP: 18/18 MP: 1/1
   142 | D:1      | Slain by a gnoll

Illustrated notes

Levels and vault maps discovered:
D:1:      lightli_arrival_maybe_door_vault, layout_loops_ring,
          ebering_ecumenical_altar_abandoned

Action                   || total
-------------------------++-------
Melee: Falchion          ||    14
 Stab: Sleeping          ||     1
Armor: Leather armour    ||     2
Dodge: Dodged            ||    13

Table legend: (Time is in decaauts)
 A = Elapsed time spent in this place.
 B = Non-inter-level travel time spent in this place.
 C = Inter-level travel time spent in this place.
 D = Time resting spent in this place.
 E = Time spent auto-exploring this place.
 F = Levels seen in this place.
 G = Mean time per level.
                   A        B        C        D        E       F      G
               +--------+--------+--------+--------+--------+-----+--------+
         Total |    143 |    143 |      0 |      0 |     47 |   1 |  143.0 |
       Dungeon |    143 |    143 |      0 |      0 |     47 |   1 |  143.0 |
               +--------+--------+--------+--------+--------+-----+--------+

Top non-repeatable levels by time:
     D:1: 143 daAuts
